[Event "Titled Tuesday Blitz March 01 Early 2022"]
[White "Bintang, Rasyid A. Hidayat"]
[Black "Kouskoutis, Georgios-Alexandros"]
[WhiteFideId "7105355"]
[BlackFideId "4234049"]
[WhiteElo "2361"]
[BlackElo "2130"]
[Result "1-0"]
[Round "07"]
[TimeControl "180+1"]
[Date "2022.03.01"]
[WhiteClock "0:00:26"]
[BlackClock "0:00:02"]

1. d4 Nf6 2. Bf4 d5 3. e3 c5 4. Nd2 Nc6 5. Ngf3 Bg4 6. Bb5 Qb6 7. c4 e6 8. Qa4 Nd7 9. b4 cxd4 10. c5 Qd8 11. Bxc6 bxc6 12. Nxd4 a5 13. Nxc6 axb4 14. Qb5 Qc8 15. Ne5 Bf5 16. c6 Nxe5 17. Bxe5 f6 18. Bd4 Be7 19. c7+ Kf7 20. Bb6 Qb7 21. Nb3 Bd3 22. Nc5 Bxb5 23. Nxb7 Bc6 24. Nd8+ Bxd8 25. cxd8=Q Rhxd8 26. Bxd8 Rxd8 27. O-O Bb5 28. Rfb1 Ra8 29. Rxb4 Bc4 30. a4 g5 31. a5 Kg6 32. Rb6 Kf5 33. a6 Ra7 34. f3 e5 35. Kf2 g4 36. fxg4+ Ke4 37. h3 h5 38. Rxf6 hxg4 39. hxg4 d4 40. exd4 exd4 41. Ra4 Kd3 42. Rf3+ Ke4 43. Rxc4 Rxa6 44. Rc2 d3 45. Rd2 Ra3 46. Rfxd3 Rxd3 47. Rxd3 1-0


[Site "https://www.chess.com"]

[Event "Titled Tuesday Blitz March 01 Early 2022"]
[White "Bongo Akanga Ndjila, Barthelemy"]
[Black "Clawitter, Craig"]
[WhiteFideId "10609431"]
[BlackFideId "2023105"]
[WhiteElo "1803"]
[BlackElo "2218"]
[Result "0-1"]
[Round "07"]
[TimeControl "180+1"]
[Date "2022.03.01"]
[WhiteClock "0:00:02"]
[BlackClock "0:00:18"]

1. d4 e6 2. c4 Nf6 3. Nf3 d5 4. g3 Be7 5. Bg2 O-O 6. O-O dxc4 7. Qc2 a6 8. Qxc4 b5 9. Qc2 Bb7 10. Nc3 c5 11. Rd1 cxd4 12. Rxd4 Qb6 13. b4 Bxf3 14. Bxf3 Qxd4 15. Bxa8 Bxb4 16. Bb2 Rc8 17. Rc1 h5 18. Nxb5 Rxc2 19. Nxd4 Rxb2 20. Rc8+ Bf8 21. Nb3 Nbd7 22. Bc6 Rxa2 23. Bxd7 Nxd7 24. Nd4 g6 25. Nc6 Kg7 26. Rd8 Nf6 27. Ra8 a5 28. e3 a4 29. Ra7 a3 30. Ne5 Ra1+ 31. Kg2 a2 32. Rxf7+ Kg8 33. Ra7 Bb4 34. Nxg6 Bc3 35. Ne7+ Kf8 36. Ng6+ Ke8 37. Re7+ Kd8 38. Ra7 Nd5 0-1


[Site "https://www.chess.com"]

[Event "Titled Tuesday Blitz March 01 Early 2022"]
[White "Bortnyk, Olexandr"]
[Black "Molina, Roberto Junio Brito"]
[WhiteFideId "14120828"]
[BlackFideId "2109450"]
[WhiteElo "2723"]
[BlackElo "2402"]
[Result "1-0"]
[Round "07"]
[TimeControl "180+1"]
[Date "2022.03.01"]
[WhiteClock "0:00:06"]
[BlackClock "0:00:31"]

1. e4 c6 2. d4 d5 3. Nc3 dxe4 4. Nxe4 Nd7 5. Nf3 Ngf6 6. Qd3 Nxe4 7. Qxe4 Nf6 8. Qh4 Bg4 9. Be2 e6 10. h3 Bf5 11. c3 Be7 12. Qg3 O-O 13. Ne5 Nd7 14. Bf4 Nxe5 15. Bxe5 Bf6 16. O-O Bxe5 17. Qxe5 Qd5 18. Qe3 Rfe8 19. f4 Rad8 20. Bf3 Qd7 21. a4 a6 22. Rae1 Bc2 23. a5 Bg6 24. b4 h6 25. Bg4 Qd5 26. Qg3 Qd6 27. Re5 Re7 28. Rfe1 Rde8 29. R1e3 Qd7 30. Re2 Kf8 31. Kh2 Qd6 32. R2e3 Bh7 33. Rc5 Bg6 34. Kg1 Qd7 35. Qh4 Kg8 36. Qf2 Kf8 37. Qg3 Qd6 38. h4 Qd7 39. h5 Bh7 40. Qf2 Qd6 41. g3 Qd7 42. Qe1 Qd6 43. Kf2 Bg8 44. Qb1 f6 45. Be2 Bf7 46. Qh7 Bg8 47. Qh8 Kf7 48. Bd3 f5 49. Bxf5 exf5 50. Rxf5+ Qf6 51. Rxf6+ gxf6 52. Rxe7+ Kxe7 53. Qxh6 Bf7 54. g4 Rg8 55. g5 fxg5 56. fxg5 Be6 57. Qf6+ Kd7 58. h6 Ke8 59. Qxe6+ 1-0


[Site "https://www.chess.com"]

[Event "Titled Tuesday Blitz March 01 Early 2022"]
[White "Bryakin, Mikhail"]
[Black "Artemenko, Oleg"]
[WhiteFideId "4165314"]
[BlackFideId "14201798"]
[WhiteElo "2421"]
[BlackElo "2287"]
[Result "1/2-1/2"]
[Round "07"]
[TimeControl "180+1"]
[Date "2022.03.01"]
[WhiteClock "0:01:00"]
[BlackClock "0:00:41"]

1. e4 e6 2. d4 d5 3. Bd3 dxe4 4. Bxe4 Nf6 5. Bf3 c5 6. Ne2 Nc6 7. Be3 Nd5 8. Bxd5 Qxd5 9. Nf4 Qf5 10. dxc5 Bxc5 11. Bxc5 Qxc5 12. Nd3 Qa5+ 13. Qd2 Qxd2+ 14. Nxd2 b6 15. f3 Bb7 16. Kf2 O-O-O 17. Nb3 Ba6 18. Nf4 e5 19. Ne2 Nb4 20. a3 Nd5 21. Rad1 f6 22. Rd2 Bxe2 23. Rxe2 Nf4 24. Rd2 Rxd2+ 25. Nxd2 Rd8 26. Nb1 Kc7 27. g3 Ne6 28. Ke3 Nd4 29. Rc1 Nf5+ 30. Ke2 Kc6 31. Nd2 a5 32. Ne4 b5 33. c3 Nd6 34. Rd1 Rd7 35. b3 Nxe4 36. fxe4 Rxd1 37. Kxd1 Kc5 38. Kd2 a4 39. b4+ Kc4 40. Kc2 h5 41. h3 g6 42. g4 hxg4 43. hxg4 g5 44. Kd2 Kb3 45. Kd3 Kxa3 46. Kc2 Ka2 47. c4 f5 48. exf5 e4 49. cxb5 e3 50. b6 e2 51. Kd2 a3 52. b7 Kb3 53. b8=Q a2 54. Qa7 Kb2 55. Kxe2 Kc1 56. b5 Kb1 57. Qxa2+ Kc1 58. b6 1/2-1/2


[Site "https://www.chess.com"]

[Event "Titled Tuesday Blitz March 01 Early 2022"]
[White "Budrewicz, Krzysztof"]
[Black "Stefanov, Plamen"]
[WhiteFideId "1127950"]
[BlackFideId "2900980"]
[WhiteElo "2248"]
[BlackElo "2137"]
[Result "1-0"]
[Round "07"]
[TimeControl "180+1"]
[Date "2022.03.01"]
[WhiteClock "0:00:46"]
[BlackClock "0:00:02"]

1. d4 Nf6 2. c4 c5 3. d5 b5 4. Nf3 b4 5. a3 bxa3 6. Rxa3 d6 7. g3 g6 8. Bg2 Bg7 9. O-O O-O 10. Nc3 Nbd7 11. h3 a5 12. e4 Ba6 13. b3 Ng4 14. Bd2 Nge5 15. Ne1 f5 16. f4 Nf7 17. exf5 gxf5 18. Nf3 Nf6 19. Re1 Ra7 20. Qc2 Nh6 21. Ng5 Qb6 22. Ne6 Rf7 23. Bf3 Kh8 24. Kg2 Nfg8 25. Nxg7 Rxg7 26. Kh2 Bc8 27. Nb5 Ra8 28. Bc3 Nf6 29. Qb2 Nhg8 30. Rea1 Bd7 31. Rxa5 Rxa5 32. Rxa5 e6 33. dxe6 Bxb5 34. Rxb5 Qd8 35. Bd5 h5 36. Rb7 Rxb7 37. Bxb7 Kh7 38. Bf3 Qe7 39. Qe2 Qg7 40. Bb2 h4 41. gxh4 Qe7 42. h5 Ne8 43. Bd5 Ng7 44. Ba1 Nf6 45. h6 Ngh5 46. Bf3 Kxh6 47. Bxh5 Nxh5 48. Qe3 Qh4 49. e7 1-0


[Site "https://www.chess.com"]

[Event "Titled Tuesday Blitz March 01 Early 2022"]
[White "Buscar, Michael"]
[Black "Mena, Ailen Oriana"]
[WhiteFideId "2603616"]
[BlackFideId "3902773"]
[WhiteElo "2010"]
[BlackElo "1534"]
[Result "1-0"]
[Round "07"]
[TimeControl "180+1"]
[Date "2022.03.01"]
[WhiteClock "0:01:08"]
[BlackClock "0:00:02"]

1. e4 e5 2. Nf3 Nc6 3. Bc4 Nf6 4. d3 Be7 5. O-O O-O 6. c3 d6 7. Na3 Kh8 8. Bb3 Ng8 9. Nc2 f5 10. exf5 Bxf5 11. Ne3 Bg6 12. Bc2 Bh5 13. g4 Bg6 14. Ng2 Qd7 15. h3 h5 16. Nfh4 Bh7 17. g5 g6 18. d4 Kg7 19. d5 Nd8 20. f4 Qxh3 21. f5 gxf5 22. Qxh5 Qg4 23. Qxg4 fxg4 24. g6 Rxf1+ 25. Kxf1 Bxh4 26. Nxh4 Bxg6 27. Nxg6 Nf6 28. Ne7 Kf7 29. Nf5 Nxd5 30. Nh6+ Kg7 31. Nxg4 Nf7 32. Ne3 Nf4 33. Nf5+ Kf6 34. Bxf4 exf4 35. Kf2 Ne5 36. Rh1 Ng4+ 37. Kf3 Kg5 38. Nd4 Ne5+ 39. Kf2 Rf8 40. Ne6+ 1-0


[Site "https://www.chess.com"]

[Event "Titled Tuesday Blitz March 01 Early 2022"]
[White "Caruana, Fabiano"]
[Black "Lou, Yiping"]
[WhiteFideId "2020009"]
[BlackFideId "8603928"]
[WhiteElo "2744"]
[BlackElo "2412"]
[Result "1-0"]
[Round "07"]
[TimeControl "180+1"]
[Date "2022.03.01"]
[WhiteClock "0:00:18"]
[BlackClock "0:00:02"]

1. e4 e5 2. Nf3 Nc6 3. Bb5 Nf6 4. d3 Bc5 5. Bxc6 dxc6 6. Bg5 Be6 7. Nbd2 Bd6 8. d4 h6 9. Bh4 Bg4 10. O-O g5 11. Bg3 Nd7 12. Nc4 Qe7 13. Ne3 Bh5 14. Nf5 Qf6 15. Qd3 O-O-O 16. dxe5 Nxe5 17. Nxd6+ cxd6 18. Nxe5 dxe5 19. Qe3 b6 20. a4 Kb7 21. a5 Qe6 22. f3 f6 23. Bf2 c5 24. Ra3 Qc6 25. Rfa1 b5 26. a6+ Ka8 27. Qxc5 Qxc5 28. Bxc5 Rd2 29. Rc3 Rc8 30. Raa3 Bf7 31. h3 h5 32. Be7 Rxc2 33. Rxc8+ Rxc8 34. Bxf6 g4 35. hxg4 hxg4 36. Bxe5 gxf3 37. gxf3 Rc2 38. Rc3 Rxc3 39. Bxc3 Bc4 40. Kf2 b4 41. Bxb4 Bxa6 42. Ke3 Kb7 43. f4 Kc6 44. f5 Kd7 45. Kf4 Bd3 46. e5 Bc4 47. Kg5 1-0


[Site "https://www.chess.com"]

[Event "Titled Tuesday Blitz March 01 Early 2022"]
[White "Chernomordik, Pavel"]
[Black "Kostiukov, Alexandr"]
[WhiteFideId "2804530"]
[BlackFideId "14108100"]
[WhiteElo "2249"]
[BlackElo "2202"]
[Result "1-0"]
[Round "07"]
[TimeControl "180+1"]
[Date "2022.03.01"]
[WhiteClock "0:00:02"]
[BlackClock "0:00:02"]

1. e4 c5 2. Nc3 g6 3. f4 Bg7 4. Nf3 Nc6 5. Bb5 Nd4 6. Bc4 e6 7. e5 Ne7 8. Ne4 d5 9. Nd6+ Kf8 10. Be2 Nxf3+ 11. Bxf3 Nf5 12. Nxf5 exf5 13. d4 Be6 14. O-O c4 15. c3 h5 16. b3 b5 17. Ba3+ Kg8 18. Bc5 Bf8 19. a4 a6 20. b4 Kg7 21. Ra3 Qd7 22. Qa1 Bxc5 23. bxc5 Rhb8 24. Rb1 a5 25. axb5 Rxb5 26. Bd1 Rxb1 27. Qxb1 Qc7 28. Ra2 h4 29. Rb2 h3 30. g3 a4 31. Rb7 Qa5 32. Rb4 a3 33. Qa2 g5 34. Kf2 g4 35. Ke3 Qa7 36. Ra4 Qb7 37. Rxa3 Rxa3 38. Qxa3 Qb1 39. Kd2 Qd3+ 40. Kc1 Qe3+ 41. Kb2 Qf2+ 42. Bc2 Qxh2 43. c6 Qxg3 44. Qe7 h2 45. Qf6+ Kh7 46. Bxf5+ Bxf5 47. Qxf5+ Kg7 48. Qg5+ Kf8 49. c7 1-0


[Site "https://www.chess.com"]

[Event "Titled Tuesday Blitz March 01 Early 2022"]
[White "Chigaev, Maksim"]
[Black "Korchmar, Vasiliy"]
[WhiteFideId "4108116"]
[BlackFideId "24131750"]
[WhiteElo "2502"]
[BlackElo "2370"]
[Result "1-0"]
[Round "07"]
[TimeControl "180+1"]
[Date "2022.03.01"]
[WhiteClock "0:00:11"]
[BlackClock "0:00:07"]

1. d4 Nf6 2. c4 c5 3. Nf3 g6 4. d5 Bg7 5. Nc3 O-O 6. e4 d6 7. h3 e6 8. Bd3 exd5 9. cxd5 b5 10. Nxb5 Re8 11. O-O Nxe4 12. Re1 a6 13. Na3 Nf6 14. Rxe8+ Nxe8 15. Bg5 Qc7 16. Qd2 Bb7 17. Re1 Nd7 18. Bc4 Nef6 19. Bh6 Nb6 20. Bxg7 Kxg7 21. b3 Nbxd5 22. Nh4 Qc6 23. Nc2 Re8 24. Rd1 Re5 25. Nf3 Rf5 26. Nce1 Ne4 27. Qb2+ f6 28. Bxd5 Rxd5 29. Rc1 h5 30. b4 Ng5 31. a4 Rf5 32. Nd4 Nxh3+ 33. Kf1 1-0


[Site "https://www.chess.com"]

[Event "Titled Tuesday Blitz March 01 Early 2022"]
[White "Coto Mederos, Michel"]
[Black "Weetik, Vjacheslav"]
[WhiteFideId "3508528"]
[BlackFideId "4153472"]
[WhiteElo "2427"]
[BlackElo "2469"]
[Result "0-1"]
[Round "07"]
[TimeControl "180+1"]
[Date "2022.03.01"]
[WhiteClock "0:00:09"]
[BlackClock "0:00:06"]

1. d4 d5 2. Nf3 e6 3. Bf4 Bd6 4. Bg3 Nf6 5. e3 O-O 6. Nbd2 c5 7. c3 Qc7 8. Bd3 Nbd7 9. Qe2 e5 10. dxe5 Nxe5 11. Nxe5 Bxe5 12. Bxe5 Qxe5 13. h3 a6 14. O-O Bd7 15. Rad1 Bc6 16. Nf3 Qc7 17. Nd2 Rfe8 18. c4 dxc4 19. Bxc4 b5 20. Bd3 Rad8 21. Bb1 g6 22. f3 c4 23. e4 Nh5 24. Qf2 Rd7 25. Rfe1 Red8 26. Bc2 Qe5 27. b3 c3 28. Nf1 b4 29. g3 Bb5 30. f4 Qc7 31. Rxd7 Rxd7 32. Rd1 Rxd1 33. Bxd1 Nf6 34. Bc2 Qd8 35. Ne3 Qd4 36. Ng4 Qd8 37. Ne3 a5 38. g4 Qd4 39. g5 Nxe4 40. Qf3 Nd2 41. Qf2 Bd3 42. Bxd3 Qxd3 43. f5 Ne4 44. Qe1 Qd2 45. Ng2 Qxe1+ 46. Nxe1 Nxg5 47. h4 Nf3+ 48. Nxf3 c2 0-1


[Site "https://www.chess.com"]

[Event "Titled Tuesday Blitz March 01 Early 2022"]
[White "Dauner, Benedikt"]
[Black "Mohammad Fahad, Rahman"]
[WhiteFideId "16225899"]
[BlackFideId "10207791"]
[WhiteElo "2230"]
[BlackElo "2323"]
[Result "0-1"]
[Round "07"]
[TimeControl "180+1"]
[Date "2022.03.01"]
[WhiteClock "0:00:02"]
[BlackClock "0:00:10"]

1. d4 d5 2. Nf3 f6 3. c4 e6 4. Nc3 c6 5. e4 dxe4 6. Nxe4 Bb4+ 7. Bd2 Bxd2+ 8. Qxd2 Ne7 9. Bd3 O-O 10. O-O Ng6 11. Rfe1 Nd7 12. Nd6 Nb6 13. c5 Nd5 14. g3 b6 15. b4 Bd7 16. h4 Nh8 17. a3 Nf7 18. Qc2 f5 19. Nxf7 Rxf7 20. Re2 Rf6 21. Rae1 h6 22. Ne5 Be8 23. cxb6 Qxb6 24. Qc5 Rd8 25. Bc4 Nc3 26. Bxe6+ Rxe6 27. Qxc3 Qxd4 28. Qxd4 Rxd4 29. Nf3 Rxe2 30. Rxe2 Rd1+ 31. Re1 Rxe1+ 32. Nxe1 Kf7 33. f3 Ke6 34. Kf2 Kd5 35. Ke3 Kc4 36. Nd3 Kb3 37. Kd4 Kxa3 38. Kc5 Kb3 39. Nf4 Kc3 40. Ne6 g6 41. g4 fxg4 42. fxg4 Kd3 43. Nc7 Bd7 44. Na6 Bxg4 45. Kxc6 Bf3+ 46. Kd6 g5 47. hxg5 hxg5 48. Ke5 Ke3 49. Nc5 g4 50. Ne6 g3 51. Nf4 a6 52. Nh3 g2 53. Ng1 Bg4 54. Kf6 Kf2 55. Kg5 Kxg1 56. Kxg4 Kf2 57. b5 g1=Q+ 0-1


[Site "https://www.chess.com"]

[Event "Titled Tuesday Blitz March 01 Early 2022"]
[White "De Silva, L M S T"]
[Black "Ohanyan, Emin"]
[WhiteFideId "9953698"]
[BlackFideId "13312022"]
[WhiteElo "1631"]
[BlackElo "1809"]
[Result "0-1"]
[Round "07"]
[TimeControl "180+1"]
[Date "2022.03.01"]
[WhiteClock "0:02:10"]
[BlackClock "0:00:27"]

1. e4 e5 2. Nf3 Nc6 3. Bb5 f5 4. d4 fxe4 5. Nxe5 Nxe5 6. dxe5 c6 7. Bc4 Qa5+ 8. Nd2 Qxe5 9. O-O d5 10. Bb3 Nf6 11. c4 Bd6 12. f4 Qe7 13. Re1 Bc5+ 14. Kh1 Ng4 15. Re2 Nf2+ 16. Rxf2 Bxf2 17. cxd5 e3 18. Nf3 e2 0-1


[Site "https://www.chess.com"]

[Event "Titled Tuesday Blitz March 01 Early 2022"]
[White "De Souza, Cristiano Gomes"]
[Black "Yurtseven, Melih"]
[WhiteFideId "2151758"]
[BlackFideId "6312160"]
[WhiteElo "2068"]
[BlackElo "2160"]
[Result "0-1"]
[Round "07"]
[TimeControl "180+1"]
[Date "2022.03.01"]
[WhiteClock "0:00:59"]
[BlackClock "0:00:43"]

1. d4 Nf6 2. c4 g6 3. Nf3 Bg7 4. Nc3 O-O 5. e4 c5 6. d5 e6 7. Be2 exd5 8. cxd5 d6 9. h3 Re8 10. Nd2 Nbd7 11. O-O g5 12. Qc2 Ne5 13. Nc4 Nxc4 14. Bxc4 Nd7 15. Be2 Ne5 16. f4 gxf4 17. Bxf4 Bd7 18. a4 Qa5 19. Nb5 Bxb5 20. axb5 Qb6 21. Kh2 Nd7 22. Ra3 Kh8 23. Rg3 Rg8 24. Bd2 Be5 25. Bc3 Rxg3 26. Bxe5+ Nxe5 27. Kxg3 Rg8+ 28. Kh2 Qd8 29. Qc3 Qg5 30. g4 Rg7 31. Rf5 Qh4 32. Qg3 Qxg3+ 33. Kxg3 Kg8 34. Kf4 Kf8 35. Rxe5 dxe5+ 36. Kxe5 Ke7 37. d6+ Kd7 38. b6 a6 39. Kd5 Rg5+ 40. e5 f6 41. Kxc5 Rxe5+ 42. Kd4 Rxe2 0-1


[Site "https://www.chess.com"]

[Event "Titled Tuesday Blitz March 01 Early 2022"]
[White "Demchenko, Anton"]
[Black "Zavgorodniy, Sergiy"]
[WhiteFideId "4160258"]
[BlackFideId "14110148"]
[WhiteElo "2539"]
[BlackElo "2420"]
[Result "1/2-1/2"]
[Round "07"]
[TimeControl "180+1"]
[Date "2022.03.01"]
[WhiteClock "0:00:07"]
[BlackClock "0:00:08"]

1. e4 e5 2. Nf3 d6 3. d4 exd4 4. Qxd4 Nc6 5. Bb5 Bd7 6. Bxc6 Bxc6 7. Bg5 Nf6 8. Nc3 Be7 9. O-O-O O-O 10. Rhe1 h6 11. Bf4 Re8 12. Qd3 Nd7 13. Nd4 Bf6 14. f3 Bxd4 15. Qxd4 Qf6 16. Qd2 Ne5 17. Bg3 b5 18. Ne2 Nc4 19. Qd4 Qxd4 20. Nxd4 Bd7 21. b3 Ne5 22. c3 g6 23. Nc2 Kg7 24. Bf2 a5 25. Kb2 g5 26. h3 f6 27. Ne3 Be6 28. Bg3 Kf7 29. Rf1 a4 30. f4 gxf4 31. Bxf4 Kg7 32. g4 axb3 33. axb3 Ra6 34. Bxe5 fxe5 35. Ra1 Rea8 36. Rxa6 Rxa6 37. h4 Ra8 38. c4 bxc4 39. bxc4 Rb8+ 40. Kc3 Ra8 41. Rb1 Ra3+ 42. Kd2 Ra2+ 43. Kd3 Ra3+ 44. Ke2 Ra2+ 45. Kf3 Ra7 46. Rb8 Kf7 47. Rd8 Kg7 48. Nf5+ Bxf5 49. exf5 Ra3+ 50. Ke4 Rg3 51. Kd5 Rxg4 52. Ke6 Rf4 53. Rd7+ Kg8 54. Rxc7 e4 55. Rc8+ Kg7 56. Rc7+ Kg8 57. Kf6 e3 58. Rc8+ Kh7 59. Rc7+ Kg8 60. h5 Re4 61. Kg6 Rg4+ 62. Kxh6 Re4 63. Kg6 Rg4+ 64. Kf6 Re4 65. Rg7+ Kf8 66. Ra7 Kg8 67. Rg7+ Kf8 68. Rg1 e2 69. Re1 Kg8 70. Kg6 Rg4+ 71. Kf6 Re4 72. Kg5 Kg7 73. h6+ Kh7 74. f6 Re5+ 75. Kf4 Kg6 76. Rg1+ Kxf6 77. h7 Rh5 78. Re1 Rxh7 79. Rxe2 Rh4+ 80. Ke3 Rxc4 81. Kd3 Rc5 82. Re8 Re5 83. Rh8 Ke6 84. Rh6+ Kd5 85. Rh4 Rf5 86. Kd2 Re5 87. Rh3 Kc5 88. Rc3+ Kd4 89. Rd3+ Kc5 90. Rc3+ Kd4 91. Rd3+ Kc5 92. Rc3+ 1/2-1/2


[Site "https://www.chess.com"]

[Event "Titled Tuesday Blitz March 01 Early 2022"]
[White "Di Nicolantonio, Lucas"]
[Black "Gadimbayli, Abdulla"]
[WhiteFideId "680460"]
[BlackFideId "13404938"]
[WhiteElo "2381"]
[BlackElo "2282"]
[Result "0-1"]
[Round "07"]
[TimeControl "180+1"]
[Date "2022.03.01"]
[WhiteClock "0:00:05"]
[BlackClock "0:00:08"]

1. f4 d5 2. Nf3 Nf6 3. g3 g6 4. Bg2 Bg7 5. O-O O-O 6. d3 c5 7. c3 Nc6 8. Na3 b6 9. Qa4 Bb7 10. e4 a6 11. e5 Nd7 12. d4 e6 13. Be3 b5 14. Qd1 b4 15. cxb4 cxb4 16. Nc2 a5 17. Rf2 Nb6 18. b3 a4 19. Nfe1 axb3 20. axb3 Rxa1 21. Qxa1 Qa8 22. Qd1 Rc8 23. Nd3 Bf8 24. g4 Na5 25. Nc5 Bxc5 26. dxc5 Nd7 27. Nxb4 Nxc5 28. Ra2 d4 29. Bxd4 Bxg2 30. Rxg2 Naxb3 31. Bxc5 Nxc5 32. Rc2 Qe4 33. Qc1 Qxb4 34. Rc4 Qb5 35. Kg2 Rc7 36. f5 Nd3 37. Rxc7 Nxc1 38. f6 Qd5+ 39. Kh3 Qd3+ 40. Kh4 Qd8 41. Re7 Nd3 42. Kg5 Nxe5 43. h4 h6+ 44. Kxh6 Nxg4+ 45. Kg5 Nxf6 46. Kxf6 Kf8 0-1


[Site "https://www.chess.com"]

[Event "Titled Tuesday Blitz March 01 Early 2022"]
[White "Dobre, Claudiu-Cristian"]
[Black "Marzaduri, Riccardo"]
[WhiteFideId "1211854"]
[BlackFideId "886084"]
[WhiteElo "2207"]
[BlackElo "2200"]
[Result "1-0"]
[Round "07"]
[TimeControl "180+1"]
[Date "2022.03.01"]
[WhiteClock "0:01:22"]
[BlackClock "0:01:05"]

1. c4 Nf6 2. Nc3 e6 3. e4 d6 4. d4 Be7 5. Nf3 O-O 6. Be2 Nc6 7. O-O e5 8. h3 exd4 9. Nxd4 Nxd4 10. Qxd4 Be6 11. Bf4 Nd7 12. Nd5 Bxd5 13. Qxd5 Rb8 14. b4 Bf6 15. Rac1 Be5 16. Be3 a6 17. f4 Bf6 18. Ba7 Nb6 19. Qd3 Rc8 20. Bxb6 cxb6 21. Rcd1 Re8 22. Bf3 b5 23. cxb5 Qb6+ 24. Kh2 Qxb5 25. Qxb5 axb5 26. Rxd6 Bd8 27. e5 Be7 28. Rd7 Bxb4 29. Rxb7 Bd2 30. Bd5 Rf8 31. Rxb5 1-0


[Site "https://www.chess.com"]

[Event "Titled Tuesday Blitz March 01 Early 2022"]
[White "Dolzhykova, Kateryna"]
[Black "Goryachkina, Aleksandra"]
[WhiteFideId "14113414"]
[BlackFideId "4147103"]
[WhiteElo "2165"]
[BlackElo "2426"]
[Result "0-1"]
[Round "07"]
[TimeControl "180+1"]
[Date "2022.03.01"]
[WhiteClock "0:00:07"]
[BlackClock "0:00:41"]

1. e4 c5 2. Nf3 e6 3. d3 Nc6 4. g3 g6 5. Bg2 Bg7 6. O-O Nge7 7. Qe2 O-O 8. e5 d6 9. Bf4 dxe5 10. Nxe5 Bd7 11. Nc3 Nd4 12. Qd2 Bc6 13. Nxc6 Nexc6 14. Ne4 e5 15. Be3 Qe7 16. c3 Ne6 17. Ng5 Nxg5 18. Bxg5 Qd6 19. Rad1 f6 20. Bh6 Rad8 21. Bxg7 Kxg7 22. Qc2 Rd7 23. f4 Rfd8 24. f5 Ne7 25. Be4 c4 26. Kg2 gxf5 27. dxc4 Qxd1 28. Rxd1 Rxd1 29. Qa4 fxe4 30. Qxa7 R8d7 31. Qe3 R7d2+ 32. Kh3 Rxb2 33. Qxe4 Rdd2 34. g4 Rxh2+ 35. Kg3 Rhg2+ 36. Kf3 Rbf2+ 0-1


[Site "https://www.chess.com"]

[Event "Titled Tuesday Blitz March 01 Early 2022"]
[White "Dubov, Daniil"]
[Black "Golubev, Mikhail"]
[WhiteFideId "24126055"]
[BlackFideId "14100983"]
[WhiteElo "2791"]
[BlackElo "2374"]
[Result "1-0"]
[Round "07"]
[TimeControl "180+1"]
[Date "2022.03.01"]
[WhiteClock "0:00:47"]
[BlackClock "0:00:37"]

1. e4 c5 2. b4 cxb4 3. a3 b3 4. c4 e5 5. f4 Nc6 6. Nf3 Nf6 7. fxe5 Nxe4 8. d4 Qa5+ 9. Nbd2 Qc3 10. Bb2 Qxb2 11. Nxe4 Bxa3 12. Rxa3 Qxa3 13. Nd6+ Kf8 14. Bd3 b2 15. O-O Nb4 16. Bb1 Qe3+ 17. Kh1 h5 18. Nh4 Qc1 19. Ng6+ 1-0


[Site "https://www.chess.com"]

[Event "Titled Tuesday Blitz March 01 Early 2022"]
[White "Durarbayli, Vasif"]
[Black "Goltsev, Dmitry"]
[WhiteFideId "13402935"]
[BlackFideId "24176710"]
[WhiteElo "2528"]
[BlackElo "2273"]
[Result "1-0"]
[Round "07"]
[TimeControl "180+1"]
[Date "2022.03.01"]
[WhiteClock "0:00:15"]
[BlackClock "0:00:29"]

1. e4 e6 2. d4 d5 3. e5 c5 4. c3 Nc6 5. Nf3 Nge7 6. Bd3 Nf5 7. Bxf5 exf5 8. dxc5 Bxc5 9. O-O h6 10. Nbd2 Be6 11. Nb3 Be7 12. Nbd4 a6 13. Qd3 g6 14. Re1 Qd7 15. b4 Rc8 16. a4 Nd8 17. Nb3 g5 18. Nfd4 f4 19. Ba3 Qxa4 20. Nc5 Bxc5 21. bxc5 Qc4 22. Qxc4 dxc4 23. Rab1 Bd5 24. Nf5 Rc7 25. Rbd1 Be6 26. Nd6+ Kf8 27. c6 Nxc6 28. Nb5+ Re7 29. Nd4 Ke8 30. Nxc6 bxc6 31. Bxe7 Kxe7 32. Ra1 Ra8 33. Reb1 Bd5 34. Ra5 Ke6 35. Rb6 g4 36. Raxa6 Rxa6 37. Rxa6 Kxe5 38. Ra1 f3 39. g3 h5 40. Rd1 f5 41. Kf1 f4 42. Rd4 fxg3 43. hxg3 Be4 44. Ke1 Bd3 45. Rd8 Kf5 46. Rh8 Kg5 47. Kd2 Kg6 48. Ke3 Kg5 49. Rg8+ Kf5 50. Rf8+ Kg5 51. Rc8 Kf5 52. Rxc6 Kg5 53. Rc5+ Kg6 54. Kf4 Be2 55. Rc6+ Kg7 56. Kg5 h4 57. Kxh4 Kf7 58. Rc5 Ke7 59. Kxg4 Kd6 60. Rg5 Ke6 61. Kf4 Kf6 62. Re5 Kg6 63. Re3 Kf6 64. Rxf3 1-0


[Site "https://www.chess.com"]

[Event "Titled Tuesday Blitz March 01 Early 2022"]
[White "Escudero Donoso, Felipe"]
[Black "Batsiashvili, Nino"]
[WhiteFideId "3410595"]
[BlackFideId "13602993"]
[WhiteElo "2184"]
[BlackElo "2230"]
[Result "0-1"]
[Round "07"]
[TimeControl "180+1"]
[Date "2022.03.01"]
[WhiteClock "0:00:20"]
[BlackClock "0:00:21"]

1. Nf3 d5 2. d4 Nf6 3. c4 e6 4. g3 c5 5. cxd5 exd5 6. Bg2 Nc6 7. O-O Be7 8. Nc3 O-O 9. b3 Ne4 10. Bb2 Bf6 11. Nxe4 dxe4 12. Nd2 Bxd4 13. Bxd4 cxd4 14. Nxe4 Re8 15. Rc1 Bg4 16. Re1 Rc8 17. Qd2 Ne5 18. Rxc8 Bxc8 19. Rd1 Nc6 20. Nc5 Qe7 21. Nd3 Bg4 22. Nf4 g5 23. Nd5 Qd8 24. Nb4 Rxe2 25. Qd3 Nxb4 26. Qc4 Nc6 27. Bxc6 bxc6 28. Rxd4 Qf6 29. f4 Rxa2 30. fxg5 Qf2+ 0-1


[Site "https://www.chess.com"]

[Event "Titled Tuesday Blitz March 01 Early 2022"]
[White "Estrada Nieto, Julian"]
[Black "Djokic, Mihailo"]
[WhiteFideId "5101018"]
[BlackFideId "976440"]
[WhiteElo "2246"]
[BlackElo "2008"]
[Result "0-1"]
[Round "07"]
[TimeControl "180+1"]
[Date "2022.03.01"]
[WhiteClock "0:00:02"]
[BlackClock "0:00:46"]

1. e4 c5 2. Nf3 d6 3. d4 cxd4 4. Qxd4 a6 5. Bc4 Nc6 6. Qd3 Bg4 7. Nc3 g6 8. Bf4 Rc8 9. Bb3 Bg7 10. h3 Bxf3 11. Qxf3 Nf6 12. O-O O-O 13. Qe3 b5 14. Rad1 Qa5 15. Bh6 Bxh6 16. Qxh6 b4 17. Nd5 Nxd5 18. Rxd5 Qb6 19. Rfd1 Ne5 20. R1d4 Rc5 21. Qd2 a5 22. Kh2 Rfc8 23. f4 Rxd5 24. Rxd5 Nc4 25. Bxc4 Rxc4 26. e5 Qc6 27. exd6 exd6 28. Rxd6 Rxc2 29. Rxc6 Rxd2 30. Ra6 Rxb2 31. Rxa5 h5 32. h4 Kf8 33. Kg3 Ke7 34. Ra7+ Ke6 35. Ra6+ Kd5 36. Ra7 Kc4 37. Rc7+ Kd3 38. Rxf7 Rxa2 39. f5 Ra6 40. f6 b3 41. Rb7 Kc2 42. f7 Rf6 0-1


[Site "https://www.chess.com"]

[Event "Titled Tuesday Blitz March 01 Early 2022"]
[White "FGHSMN"]
[Black "Tari, Aryan"]
[BlackFideId "1510045"]
[WhiteElo "2718"]
[BlackElo "2567"]
[Result "0-1"]
[Round "07"]
[TimeControl "180+1"]
[Date "2022.03.01"]
[WhiteClock "0:00:04"]
[BlackClock "0:00:33"]

1. d4 d5 2. Nf3 Nf6 3. c3 Bf5 4. Qb3 Qc8 5. c4 e6 6. cxd5 exd5 7. Nc3 c6 8. Bf4 h6 9. Rc1 Nbd7 10. Nb5 Be7 11. Nc7+ Kf8 12. Nxa8 Qxa8 13. e3 a5 14. a3 a4 15. Qd1 g5 16. Bg3 Ne4 17. Bd3 Qa5+ 18. Ke2 h5 19. h3 h4 20. Bh2 g4 21. hxg4 Bxg4 22. Bf4 Ndf6 23. Qe1 Qb6 24. Rc2 h3 25. gxh3 Bh5 26. Rg1 Qb3 27. Qd1 Nd7 28. Rg2 c5 29. Rg4 Bxg4 30. hxg4 c4 31. Bxe4 dxe4 32. Ne1 Nf6 33. Rd2 Nd5 34. Bg3 Rh1 35. Qxb3 axb3 36. f3 c3 37. bxc3 Nxc3+ 38. Kf2 Bxa3 39. Kg2 Rh6 40. fxe4 b2 41. Rxb2 Bxb2 42. e5 Ne4 43. Bf4 Rg6 44. Kf3 Nd2+ 45. Ke2 Ne4 46. Nd3 Ba3 47. Kf3 Ng5+ 48. Kg2 Ne6 49. Kf3 b5 50. d5 Nc5 51. Nf2 b4 52. d6 b3 53. Nd1 b2 54. Nxb2 Bxb2 55. g5 Ke8 56. Kg4 Kd7 57. Kf5 Ne6 58. Bg3 Rxg5+ 0-1


[Site "https://www.chess.com"]